Blues vs Canadiens

Created - Wednesday, October 21, 2015 at 01:33

Goals
1 2 3 T
Blues 0 1 0 1
Canadiens 1 2 1 4
Shots
1 2 3 T
Blues 9 10 4 23
Canadiens 10 12 9 31

1st period

1. Canadiens , Brian Boyle 2 (Scott Gomez, Jordie Benn) at 19:25

Penalties :
Rick Nash (StL) for Roughing (Minor) at 8:33, Matt Niskanen (Mon) for Checking from behind (Minor) at 10:44

2nd period

2. Canadiens , Mathieu Perreault 4 (Jordie Benn, Jaromir Jagr) at 6:29
3. Blues , Kris Letang 1 (Anders Lee, Frederik Andersen) at 15:50 (PP)
4. Canadiens , Justin Abdelkader 4 (Mathieu Perreault, Daniel Sedin) at 19:25 (PP)

Penalties :
Justin Abdelkader (Mon) for Hooking (Minor) at 15:36, Rick Nash (StL) for Delaying the game (Minor) at 18:31

3rd period

5. Canadiens , Ryan Callahan 5 (Joe Thornton, Daniel Sedin) at 8:16 (PP)

Penalties :
Hampus Lindholm (StL) for Holding Stick (Minor) at 4:50, Anders Lee (StL) for Boarding (Minor) at 8:10, Zdeno Chara (StL) for Tripping (Minor) at 8:32, Justin Abdelkader (Mon) for Roughing (Minor) at 9:24, Kevan Miller (StL) for Boarding (Minor) at 12:24, Kris Letang (StL) for Holding (Minor) at 15:46

Goalie Stats

Frederik Andersen (StL), 27 saves from 31 shots - (0.871), L, 0-2-0, 60:00 minutes
Pekka Rinne (Mon), 22 saves from 23 shots - (0.957), W, 4-0-2, 60:00 minutes

Players Stats for Blues

Player Name              G  A  P  +/- PIM S  H  SB GA TA FO     MP     PP MP  PK MP  
------------------------------------------------------------------------------------
Anders Lee               0  1  1  -1  2   3  0  0  1  0  3/8    16:41   1:07   0:43 
Artem Anisimov           0  0  0   0  0   0  1  1  1  0  5/13   16:36   1:33   4:44 
Brandon Saad             0  0  0  -1  0   1  0  0  3  0  0/1    19:43   2:00   3:53 
Cam Atkinson             0  0  0  -1  0   5  0  1  2  0  0/1    16:35   1:51   0:00 
Hampus Lindholm          0  0  0  -1  2   1  1  0  0  0  0/0    21:48   1:51   3:24 
J.T. Brown               0  0  0   0  0   2  0  0  1  0  0/0     8:07   0:00   0:00 
Johan Franzen            0  0  0  -1  0   0  1  0  0  0  0/2    17:01   0:00   1:40 
Josh Gorges              0  0  0  -1  0   1  0  3  0  3  0/0    20:33   0:00   3:59 
Kevan Miller             0  0  0   0  2   0  0  0  0  0  0/0     5:00   0:00   0:00 
Kris Letang              1  0  1  -1  2   2  0  0  0  2  0/0    18:41   1:14   3:50 
Mark Fayne               0  0  0   0  0   0  0  1  0  2  0/0    13:12   0:07   0:00 
Mark Stone               0  0  0   0  0   1  1  0  0  0  0/0    18:55   1:05   0:00 
Rick Nash                0  0  0  -1  4   0  1  0  0  1  0/0    18:11   1:32   3:32 
Ryan Ellis               0  0  0   0  0   1  1  0  0  0  0/0    14:58   0:00   2:34 
Sean Couturier           0  0  0  -1  0   2  1  0  3  2  5/16   20:32   1:32   5:04 
Steve Ott                0  0  0   0  0   0  2  0  1  0  3/4     8:07   0:00   0:00 
Tomas Tatar              0  0  0   0  0   2  1  0  4  0  0/0    10:38   1:05   0:00 
Zdeno Chara              0  0  0  -1  2   2  2  1  0  1  0/0    23:35   0:28   5:49 

Players Stats for Canadiens

Player Name              G  A  P  +/- PIM S  H  SB GA TA FO     MP     PP MP  PK MP  
------------------------------------------------------------------------------------
Alex Goligoski           0  0  0   0  0   4  1  2  0  1  0/0    25:49   5:48   1:46 
Andrew Campbell          0  0  0   2  0   2  1  0  1  2  0/0    14:33   0:00   0:54 
Ben Lovejoy              0  0  0   0  0   1  2  2  0  0  0/0    20:31   4:00   1:19 
Brian Boyle              1  0  1   1  0   1  0  0  2  0  2/2    11:53   0:00   2:43 
Daniel Sedin             0  2  2   0  0   0  0  0  1  0  0/0    18:24   5:13   0:00 
Francois Beauchemin      0  0  0   0  0   2  1  1  0  1  0/0    21:24   4:00   1:19 
Gregory Campbell         0  0  0   1  0   0  1  0  0  0  3/7    11:53   0:00   2:43 
Jaromir Jagr             0  1  1   1  0   2  0  1  0  0  0/0    10:21   0:00   0:00 
Joe Thornton             0  1  1   0  0   2  0  0  0  0  11/14  18:24   5:13   0:00 
Jordie Benn              0  2  2   2  0   4  0  0  0  3  0/0    12:46   0:00   0:00 
Justin Abdelkader        1  0  1   0  4   2  3  0  5  0  0/1    17:48   4:34   0:00 
Mathieu Perreault        1  1  2   1  0   5  2  0  1  0  5/8    16:12   4:35   0:00 
Matt Niskanen            0  0  0   0  2   0  3  3  2  0  0/0    25:14   5:48   0:52 
Mike Cammalleri          0  0  0   0  0   2  3  0  0  0  1/1    18:36   4:35   0:22 
Mike Ribeiro             0  0  0   0  0   1  5  0  1  0  6/9    13:30   0:00   0:22 
Patrick Eaves            0  0  0   1  0   0  1  0  0  1  0/1    11:05   0:00   0:00 
Ryan Callahan            1  0  1   0  0   1  3  0  1  1  1/2    18:24   5:13   0:00 
Scott Gomez              0  1  1   1  0   2  0  0  0  0  0/0     8:53   0:00   0:00 

3 Stars

1 - Mathieu Perreault (Mon)
2 - Pekka Rinne (Mon)
3 - Jordie Benn (Mon)

Power Play

Blues - 1 on 3 Attempt(s) - 33.33%
Canadiens - 2 on 7 Attempt(s) - 28.57%

Penalty Kill

Blues - 5 on 7 Attempt(s) - 71.43% - Score 0 goal in Penalty Kill
Canadiens - 2 on 3 Attempt(s) - 66.67% - Score 0 goal in Penalty Kill

Team Stat

Blues - Hits : 12 - Faceoff Wins : 16 - Blocked Shots : 7 - Penalty Minutes : 14
Canadiens - Hits : 26 - Faceoff Wins : 29 - Blocked Shots : 9 - Penalty Minutes : 6

Official

Referees : Unknown
Linesman : Unknown

Game Notes

Jaromir Jagr is injured at 15:33 of 3rd period (Back Spasms)

Finance

Level 1 -- Attendance: 4660 (77.67%) -- Ticket Income $419,400
Level 2 -- Attendance: 4524 (90.48%) -- Ticket Income $226,200
Level 3 -- Attendance: 1443 (72.15%) -- Ticket Income $47,619
Level 4 -- Attendance: 2928 (73.20%) -- Ticket Income $58,560
Luxury Box -- Attendance: 931 (93.10%) -- Ticket Income $167,580
Game was played at the Bell Centre.
Total Attendance: 14486 (80.48%)
Total Ticket Income: $919,359
Other Income: $450,486
Total Income: $1,369,845

Blues

5 vs 5 Forward 
   Center                   Left Wing                Right Wing               Time % Phy DF OF 
 1 Sean Couturier           Rick Nash                Brandon Saad             33     1   2  2  
 2 Artem Anisimov           Tomas Tatar              Mark Stone               31     1   2  2  
 3 Anders Lee               Johan Franzen            Cam Atkinson             24     1   2  2  
 4 Steve Ott                J.T. Brown               Mark Stone               12     1   2  2  

5 vs 5 Defense 
   Defense                  Defense                                           Time % Phy DF OF 
 1 Zdeno Chara              Kris Letang                                       33     2   3  0  
 2 Josh Gorges              Hampus Lindholm                                   31     2   3  0  
 3 Mark Fayne               Ryan Ellis                                        24     2   3  0  
 4 Kevan Miller             Zdeno Chara                                       12     2   3  0  

PowerPlay Forward 
   Center                   Left Wing                Right Wing               Time % Phy DF OF 
 1 Sean Couturier           Rick Nash                Brandon Saad             50     1   2  2  
 2 Artem Anisimov           Tomas Tatar              Mark Stone               50     1   2  2  

PowerPlay Defense
   Defense                  Defense                                           Time % Phy DF OF 
 1 Anders Lee               Kris Letang                                       50     1   2  2  
 2 Cam Atkinson             Hampus Lindholm                                   50     1   2  2  

Penalty Kill 4 Players Forward 
   Center                   Wing                     Time % Phy DF OF 
 1 Sean Couturier           Rick Nash                50     2   2  1  
 2 Artem Anisimov           Brandon Saad             50     2   2  1  

Penalty Kill 4 Players Defense
   Defense                  Defense                  Time % Phy DF OF 
 1 Zdeno Chara              Kris Letang              50     2   2  1  
 2 Josh Gorges              Hampus Lindholm          50     2   2  1  

Penalty Kill - 3 Players Forward 
   Forward                                           Time % Phy DF OF 
 1 Mark Stone                                        50     2   2  1  
 2 Sean Couturier                                    50     2   2  1  

Penalty Kill - 3 Players Defense
   Defense                  Defense                  Time % Phy DF OF 
 1 Zdeno Chara              Kris Letang              50     2   2  1  
 2 Josh Gorges              Hampus Lindholm          50     2   2  1  

4 vs 4 Forward 
   Center                   Wing                     Time % Phy DF OF 
 1 Sean Couturier           Mark Stone               50     1   2  2  
 2 Artem Anisimov           Brandon Saad             50     1   2  2  

4 vs 4 Defense
   Defense                  Defense                  Time % Phy DF OF 
 1 Zdeno Chara              Kris Letang              50     1   2  2  
 2 Josh Gorges              Hampus Lindholm          50     1   2  2  

Last Minutes Offensive
   Center                   Left Wing                Right Wing               Defense                  Defense                  
   Sean Couturier           Rick Nash                Brandon Saad             Zdeno Chara              Kris Letang              

Last Minutes Defensive
   Center                   Left Wing                Right Wing               Defense                  Defense                  
   Sean Couturier           Rick Nash                Brandon Saad             Zdeno Chara              Kris Letang              

Goaltenders
Starting : Frederik Andersen        
Backup : Henrik Lundqvist         

Extra Forwards
Normal : Anders Lee, Cam Atkinson, Johan Franzen - PP : Anders Lee, Cam Atkinson - PK : Johan Franzen
Extra Defensemen
Normal : Mark Fayne, Ryan Ellis, Kevan Miller - PP : Mark Fayne - PK : Ryan Ellis, Kevan Miller
Penalty Shots
Rick Nash, Sean Couturier, Artem Anisimov, Brandon Saad, Mark Stone

Canadiens

5 vs 5 Forward 
   Center                   Left Wing                Right Wing               Time % Phy DF OF 
 1 Joe Thornton             Daniel Sedin             Ryan Callahan            33     1   1  3  
 2 Mike Ribeiro             Mike Cammalleri          Justin Abdelkader        31     1   1  3  
 3 Mathieu Perreault        Patrick Eaves            Jaromir Jagr             26     1   1  3  
 4 Gregory Campbell         Brian Boyle              Scott Gomez              10     1   3  1  

5 vs 5 Defense 
   Defense                  Defense                                           Time % Phy DF OF 
 1 Alex Goligoski           Matt Niskanen                                     40     1   2  2  
 2 Ben Lovejoy              Francois Beauchemin                               34     1   2  2  
 3 Andrew Campbell          Jordie Benn                                       26     1   3  1  
 4 Alex Goligoski           Matt Niskanen                                     0      1   2  2  

PowerPlay Forward 
   Center                   Left Wing                Right Wing               Time % Phy DF OF 
 1 Joe Thornton             Daniel Sedin             Ryan Callahan            55     1   1  3  
 2 Mathieu Perreault        Mike Cammalleri          Justin Abdelkader        45     1   1  3  

PowerPlay Defense
   Defense                  Defense                                           Time % Phy DF OF 
 1 Alex Goligoski           Matt Niskanen                                     60     1   1  3  
 2 Francois Beauchemin      Ben Lovejoy                                       40     1   2  2  

Penalty Kill 4 Players Forward 
   Center                   Wing                     Time % Phy DF OF 
 1 Brian Boyle              Gregory Campbell         60     1   3  1  
 2 Mike Cammalleri          Justin Abdelkader        40     1   3  1  

Penalty Kill 4 Players Defense
   Defense                  Defense                  Time % Phy DF OF 
 1 Alex Goligoski           Andrew Campbell          60     1   3  1  
 2 Ben Lovejoy              Francois Beauchemin      40     1   3  1  

Penalty Kill - 3 Players Forward 
   Forward                                           Time % Phy DF OF 
 1 Brian Boyle                                       60     1   3  1  
 2 Gregory Campbell                                  40     1   3  1  

Penalty Kill - 3 Players Defense
   Defense                  Defense                  Time % Phy DF OF 
 1 Alex Goligoski           Andrew Campbell          60     1   3  1  
 2 Ben Lovejoy              Francois Beauchemin      40     1   3  1  

4 vs 4 Forward 
   Center                   Wing                     Time % Phy DF OF 
 1 Mike Ribeiro             Justin Abdelkader        60     1   2  2  
 2 Joe Thornton             Ryan Callahan            40     1   2  2  

4 vs 4 Defense
   Defense                  Defense                  Time % Phy DF OF 
 1 Alex Goligoski           Matt Niskanen            60     1   2  2  
 2 Andrew Campbell          Francois Beauchemin      40     1   2  2  

Last Minutes Offensive
   Center                   Left Wing                Right Wing               Defense                  Defense                  
   Joe Thornton             Mike Cammalleri          Justin Abdelkader        Alex Goligoski           Matt Niskanen            

Last Minutes Defensive
   Center                   Left Wing                Right Wing               Defense                  Defense                  
   Gregory Campbell         Brian Boyle              Mike Cammalleri          Alex Goligoski           Andrew Campbell          

Goaltenders
Starting : Pekka Rinne              
Backup : Curtis McElhinney        

Extra Forwards
Normal : Mike Cammalleri, Scott Gomez, Gregory Campbell - PP : Mike Cammalleri, Mike Ribeiro - PK : Mike Cammalleri
Extra Defensemen
Normal : Alex Goligoski, Andrew Campbell, Matt Niskanen - PP : Alex Goligoski - PK : Alex Goligoski, Matt Niskanen
Penalty Shots
Brian Boyle, Mike Cammalleri, Patrick Eaves, Justin Abdelkader, Daniel Sedin

% Time on Ice - Blues

Lines # - Real PCT - Wanted PCT - Time Play
Normal Forward
1 - 29% - 33% - 13:09
2 - 22% - 31% - 9:59
3 - 32% - 24% - 14:44
4 - 18% - 12% - 8:08
Normal Defense
1 - 27% - 33% - 12:31
2 - 36% - 31% - 16:35
3 - 26% - 24% - 11:58
4 - 11% - 12% - 4:56
PP Forward
1 - 50% - 50% - 1:32
2 - 50% - 50% - 1:33
PP Defense
1 - 40% - 50% - 1:14
2 - 60% - 50% - 1:51
PK Forward
1 - 52% - 50% - 5:04
2 - 48% - 50% - 4:44
PK Defense
1 - 59% - 50% - 5:49
2 - 41% - 50% - 3:59
PK3 Forward
1 - 0% - 50%
2 - 0% - 50%
PK3 Defense
1 - 0% - 50%
2 - 0% - 50%
44 Forward
1 - 70% - 50% - 0:47
2 - 30% - 50% - 0:20
44 Defense
1 - 100% - 50% - 1:07
2 - 0% - 50% - 0:00
Last Minute Offensive  - 0:00
Last Minute Defensive  - 0:00
Total
Forward - 60:00
Defense - 60:00

% Time on Ice - Canadiens

Lines # - Real PCT - Wanted PCT - Time Play
Normal Forward
1 - 30% - 33% - 13:51
2 - 27% - 31% - 12:33
3 - 24% - 26% - 11:06
4 - 18% - 10% - 8:30
Normal Defense
1 - 39% - 40% - 18:01
2 - 33% - 34% - 15:12
3 - 28% - 26% - 12:47
4 - 0% - 0% - 0:00
PP Forward
1 - 53% - 55% - 5:13
2 - 47% - 45% - 4:35
PP Defense
1 - 59% - 60% - 5:48
2 - 41% - 40% - 4:00
PK Forward
1 - 100% - 60% - 3:05
2 - 0% - 40% - 0:00
PK Defense
1 - 57% - 60% - 1:46
2 - 43% - 40% - 1:19
PK3 Forward
1 - 0% - 60%
2 - 0% - 40%
PK3 Defense
1 - 0% - 60%
2 - 0% - 40%
44 Forward
1 - 100% - 60% - 1:07
2 - 0% - 40% - 0:00
44 Defense
1 - 21% - 60% - 0:14
2 - 79% - 40% - 0:53
Last Minute Offensive  - 0:00
Last Minute Defensive  - 0:00
Total
Forward - 60:00
Defense - 60:00

Play by Play

1st period


0:01 of 1st period - Joe Thornton wins face-off versus Sean Couturier in neutral zone.
0:36 of 1st period - Snap shot by Brandon Saad.
0:36 of 1st period - Shot Misses the Net.
1:08 of 1st period - Snap shot by Mike Ribeiro.
1:08 of 1st period - Shot Misses the Net.
1:56 of 1st period - Wrist shot by Jaromir Jagr.
1:56 of 1st period - Shot Misses the Net.
1:58 of 1st period - Slapshot by Jordie Benn.
1:58 of 1st period - Stopped by Frederik Andersen without a rebound.
1:59 of 1st period - Steve Ott wins face-off versus Gregory Campbell in Blues zone.
2:11 of 1st period - Icing by Brian Boyle.
2:12 of 1st period - Steve Ott wins face-off versus Gregory Campbell in Canadiens zone.
2:35 of 1st period - Ben Lovejoy is hit by Ryan Ellis and loses puck.
3:06 of 1st period - Mark Fayne is hit by Mathieu Perreault and loses puck.
3:37 of 1st period - Snap shot by Cam Atkinson.
3:37 of 1st period - Shot Misses the Net.
3:39 of 1st period - Snap shot by Cam Atkinson.
3:39 of 1st period - Stopped by Pekka Rinne with a rebound.
3:41 of 1st period - Snap shot by Josh Gorges.
3:41 of 1st period - Shot Blocked by Jaromir Jagr.
3:43 of 1st period - Slapshot by Josh Gorges.
3:43 of 1st period - Stopped by Pekka Rinne with a rebound.
3:47 of 1st period - Snap shot by Cam Atkinson.
3:47 of 1st period - Stopped by Pekka Rinne with a rebound.
3:55 of 1st period - Wrist shot by Johan Franzen.
3:55 of 1st period - Deflect By Cam Atkinson.
3:55 of 1st period - Stopped by Pekka Rinne with a rebound.
4:23 of 1st period - Kevan Miller is hit by Mike Ribeiro and loses puck.
4:43 of 1st period - Snap shot by Justin Abdelkader.
4:43 of 1st period - Deflect By Mike Ribeiro.
4:43 of 1st period - Shot Blocked by Zdeno Chara.
4:43 of 1st period - Puck is out of play.
4:44 of 1st period - Sean Couturier wins face-off versus Ryan Callahan in Blues zone.
5:01 of 1st period - Wrist shot by Brandon Saad.
5:01 of 1st period - Shot Misses the Net.
5:25 of 1st period - Snap shot by Cam Atkinson.
5:25 of 1st period - Stopped by Pekka Rinne with a rebound.
5:27 of 1st period - Slapshot by Ryan Ellis.
5:27 of 1st period - Shot Misses the Net.
5:29 of 1st period - Snap shot by Johan Franzen.
5:29 of 1st period - Shot Misses the Net.
5:45 of 1st period - Hampus Lindholm is hit by Mike Ribeiro and loses puck.
6:09 of 1st period - Slapshot by Hampus Lindholm.
6:09 of 1st period - Stopped by Pekka Rinne with a rebound.
7:07 of 1st period - Wrist shot by Mathieu Perreault.
7:07 of 1st period - Stopped by Frederik Andersen with a rebound.
7:09 of 1st period - Backhand shot by Alex Goligoski.
7:09 of 1st period - Stopped by Frederik Andersen without a rebound.
7:10 of 1st period - Mathieu Perreault wins face-off versus Anders Lee in Blues zone.
7:53 of 1st period - Kris Letang is hit by Mike Ribeiro and loses puck.
8:14 of 1st period - Wrist shot by Mike Ribeiro.
8:14 of 1st period - Shot Misses the Net.
8:16 of 1st period - Slapshot by Jordie Benn.
8:16 of 1st period - Stopped by Frederik Andersen with a rebound.
8:18 of 1st period - Slapshot by Jordie Benn.
8:18 of 1st period - Shot Misses the Net.
8:33 of 1st period - Minor Penalty to Rick Nash for Roughing.
8:34 of 1st period - Joe Thornton wins face-off versus Sean Couturier in Blues zone.
9:11 of 1st period - Anders Lee is hit by Mathieu Perreault and loses puck.
9:24 of 1st period - Hampus Lindholm is hit by Ben Lovejoy and loses puck.
9:39 of 1st period - Josh Gorges is hit by Mike Cammalleri.
9:53 of 1st period - Slapshot by Joe Thornton.
9:53 of 1st period - Shot Misses the Net.
10:29 of 1st period - Snap shot by Mathieu Perreault.
10:29 of 1st period - Shot Misses the Net.
10:33 of 1st period - Penalty to Rick Nash is over, Rick Nash is back on ice.
10:44 of 1st period - Minor Penalty to Matt Niskanen for Checking from behind.
10:45 of 1st period - Brian Boyle wins face-off versus Artem Anisimov in Canadiens zone.
10:56 of 1st period - Brian Boyle is hit by Artem Anisimov and loses puck.
11:46 of 1st period - Ben Lovejoy is hit by Rick Nash and loses puck.
12:05 of 1st period - Ben Lovejoy is hit by Tomas Tatar and loses puck.
12:22 of 1st period - Snap shot by Brandon Saad.
12:22 of 1st period - Shot Misses the Net.
12:24 of 1st period - Snap shot by Kris Letang.
12:24 of 1st period - Shot Blocked by Francois Beauchemin.
12:44 of 1st period - Penalty to Matt Niskanen is over, Matt Niskanen is back on ice.
13:36 of 1st period - Snap shot by Joe Thornton.
13:36 of 1st period - Stopped by Frederik Andersen with a rebound.
14:22 of 1st period - Slapshot by Zdeno Chara.
14:22 of 1st period - Deflect By Daniel Sedin.
14:22 of 1st period - Stopped by Pekka Rinne without a rebound.
14:23 of 1st period - Steve Ott wins face-off versus Mike Ribeiro in Canadiens zone.
15:17 of 1st period - Brandon Saad is hit by Alex Goligoski and loses puck.
15:36 of 1st period - Snap shot by Jaromir Jagr.
15:36 of 1st period - Shot Misses the Net.
15:38 of 1st period - Snap shot by Ben Lovejoy.
15:38 of 1st period - Stopped by Frederik Andersen with a rebound.
15:40 of 1st period - Slapshot by Francois Beauchemin.
15:40 of 1st period - Stopped by Frederik Andersen without a rebound.
15:41 of 1st period - Mike Cammalleri wins face-off versus Johan Franzen in Blues zone.
16:18 of 1st period - Snap shot by J.T. Brown.
16:18 of 1st period - Shot Misses the Net.
16:20 of 1st period - Wrist shot by J.T. Brown.
16:20 of 1st period - Stopped by Pekka Rinne with a rebound.
16:22 of 1st period - Snap shot by J.T. Brown.
16:22 of 1st period - Stopped by Pekka Rinne without a rebound.
16:23 of 1st period - Mathieu Perreault wins face-off versus Steve Ott in Canadiens zone.
16:34 of 1st period - Wrist shot by Kris Letang.
16:34 of 1st period - Shot Misses the Net.
16:36 of 1st period - Slapshot by Kris Letang.
16:36 of 1st period - Shot Misses the Net.
16:38 of 1st period - Slapshot by Zdeno Chara.
16:38 of 1st period - Deflect By Sean Couturier.
16:38 of 1st period - Shot Misses the Net.
16:38 of 1st period - Puck is out of play.
16:39 of 1st period - Joe Thornton wins face-off versus Sean Couturier in Canadiens zone.
16:48 of 1st period - Wrist shot by Joe Thornton.
16:48 of 1st period - Stopped by Frederik Andersen without a rebound.
16:49 of 1st period - Joe Thornton wins face-off versus Cam Atkinson in Blues zone.
17:10 of 1st period - Wrist shot by Johan Franzen.
17:10 of 1st period - Shot Blocked by Ben Lovejoy.
17:42 of 1st period - Wrist shot by Tomas Tatar.
17:42 of 1st period - Shot Blocked by Ben Lovejoy.
17:48 of 1st period - Mark Stone is hit by Mike Ribeiro.
18:45 of 1st period - Matt Niskanen is hit by Steve Ott and loses puck.
18:52 of 1st period - Backhand shot by Alex Goligoski.
18:52 of 1st period - Shot Misses the Net.
18:54 of 1st period - Slapshot by Alex Goligoski.
18:54 of 1st period - Stopped by Frederik Andersen with a rebound.
18:56 of 1st period - Slapshot by Matt Niskanen.
18:56 of 1st period - Deflect By Jaromir Jagr.
18:56 of 1st period - Shot Blocked by Mark Fayne.
18:56 of 1st period - Puck is out of play.
18:57 of 1st period - Gregory Campbell wins face-off versus Anders Lee in Blues zone.
19:08 of 1st period - Jordie Benn is hit by Johan Franzen and loses puck.
19:25 of 1st period - Snap shot by Scott Gomez.
19:25 of 1st period - Deflect By Brian Boyle.
19:25 of 1st period - Goal by Brian Boyle - Blues : 0 - Canadiens : 1.
19:26 of 1st period - Joe Thornton wins face-off versus Sean Couturier in neutral zone.
Goals for this period are 0 for Blues vs 1 for Canadiens.
Shots for this period are 9 for Blues vs 10 for Canadiens.

2nd period


0:01 of 2nd period - Artem Anisimov wins face-off versus Mike Ribeiro in neutral zone.
0:28 of 2nd period - Wrist shot by Mike Ribeiro.
0:28 of 2nd period - Shot Misses the Net.
1:06 of 2nd period - Sean Couturier is hit by Matt Niskanen and loses puck.
2:31 of 2nd period - Anders Lee is hit by Francois Beauchemin and loses puck.
3:05 of 2nd period - Off-side.
3:06 of 2nd period - Sean Couturier wins face-off versus Mike Ribeiro in neutral zone.
3:25 of 2nd period - Wrist shot by Sean Couturier.
3:25 of 2nd period - Shot Misses the Net.
3:27 of 2nd period - Slapshot by Zdeno Chara.
3:27 of 2nd period - Deflect By Brandon Saad.
3:27 of 2nd period - Deflect By Jordie Benn.
3:27 of 2nd period - Shot Misses the Net.
3:27 of 2nd period - Puck is out of play.
3:28 of 2nd period - Mathieu Perreault wins face-off versus Artem Anisimov in Canadiens zone.
3:45 of 2nd period - Snap shot by Mark Stone.
3:45 of 2nd period - Stopped by Pekka Rinne without a rebound.
3:46 of 2nd period - Artem Anisimov wins face-off versus Mathieu Perreault in Canadiens zone.
4:09 of 2nd period - Off-side.
4:10 of 2nd period - Mike Ribeiro wins face-off versus Sean Couturier in neutral zone.
4:21 of 2nd period - Wrist shot by Sean Couturier.
4:21 of 2nd period - Stopped by Pekka Rinne with a rebound.
4:23 of 2nd period - Slapshot by Zdeno Chara.
4:23 of 2nd period - Shot Misses the Net.
4:25 of 2nd period - Slapshot by Kris Letang.
4:25 of 2nd period - Stopped by Pekka Rinne without a rebound.
4:26 of 2nd period - Sean Couturier wins face-off versus Justin Abdelkader in Canadiens zone.
4:40 of 2nd period - Off-side.
4:41 of 2nd period - Joe Thornton wins face-off versus Artem Anisimov in neutral zone.
4:48 of 2nd period - Wrist shot by Ryan Callahan.
4:48 of 2nd period - Shot Misses the Net.
5:42 of 2nd period - Slapshot by Justin Abdelkader.
5:42 of 2nd period - Shot Misses the Net.
5:44 of 2nd period - Slapshot by Alex Goligoski.
5:44 of 2nd period - Stopped by Frederik Andersen with a rebound.
5:46 of 2nd period - Slapshot by Matt Niskanen.
5:46 of 2nd period - Shot Misses the Net.
5:48 of 2nd period - Snap shot by Mike Cammalleri.
5:48 of 2nd period - Stopped by Frederik Andersen with a rebound.
6:23 of 2nd period - Wrist shot by Mathieu Perreault.
6:23 of 2nd period - Shot Misses the Net.
6:25 of 2nd period - Wrist shot by Jordie Benn.
6:25 of 2nd period - Deflect By Rick Nash.
6:25 of 2nd period - Stopped by Frederik Andersen with a rebound.
6:27 of 2nd period - Wrist shot by Jaromir Jagr.
6:27 of 2nd period - Shot Misses the Net.
6:29 of 2nd period - Slapshot by Jordie Benn.
6:29 of 2nd period - Deflect By Mathieu Perreault.
6:29 of 2nd period - Goal by Mathieu Perreault - Blues : 0 - Canadiens : 2.
6:30 of 2nd period - Joe Thornton wins face-off versus Artem Anisimov in neutral zone.
6:33 of 2nd period - Tomas Tatar is hit by Ryan Callahan.
6:54 of 2nd period - Andrew Campbell is hit by Mark Stone and loses puck.
7:14 of 2nd period - Off-side.
7:15 of 2nd period - Mathieu Perreault wins face-off versus Anders Lee in neutral zone.
7:24 of 2nd period - Snap shot by Anders Lee.
7:24 of 2nd period - Stopped by Pekka Rinne with a rebound.
7:26 of 2nd period - Slapshot by Ryan Ellis.
7:26 of 2nd period - Stopped by Pekka Rinne without a rebound.
7:27 of 2nd period - Anders Lee wins face-off versus Mathieu Perreault in Canadiens zone.
7:56 of 2nd period - Slapshot by Mathieu Perreault.
7:56 of 2nd period - Stopped by Frederik Andersen with a rebound.
9:04 of 2nd period - Slapshot by Zdeno Chara.
9:04 of 2nd period - Shot Blocked by Matt Niskanen.
9:06 of 2nd period - Snap shot by Kevan Miller.
9:06 of 2nd period - Shot Blocked by Alex Goligoski.
9:08 of 2nd period - Snap shot by Sean Couturier.
9:08 of 2nd period - Shot Misses the Net.
9:10 of 2nd period - Wrist shot by Kevan Miller.
9:10 of 2nd period - Shot Blocked by Matt Niskanen.
9:12 of 2nd period - Wrist shot by Sean Couturier.
9:12 of 2nd period - Stopped by Pekka Rinne with a rebound.
9:14 of 2nd period - Snap shot by Zdeno Chara.
9:14 of 2nd period - Stopped by Pekka Rinne with a rebound.
9:16 of 2nd period - Backhand shot by Zdeno Chara.
9:16 of 2nd period - Shot Misses the Net.
9:22 of 2nd period - Alex Goligoski is hit by Hampus Lindholm and loses puck.
11:04 of 2nd period - Icing by Anders Lee.
11:05 of 2nd period - Anders Lee wins face-off versus Patrick Eaves in Blues zone.
11:31 of 2nd period - Wrist shot by Mathieu Perreault.
11:31 of 2nd period - Shot Misses the Net.
11:33 of 2nd period - Wrist shot by Francois Beauchemin.
11:33 of 2nd period - Shot Blocked by Josh Gorges.
11:35 of 2nd period - Snap shot by Jaromir Jagr.
11:35 of 2nd period - Stopped by Frederik Andersen with a rebound.
11:37 of 2nd period - Snap shot by Jaromir Jagr.
11:37 of 2nd period - Shot Misses the Net.
11:39 of 2nd period - Slapshot by Jaromir Jagr.
11:39 of 2nd period - Stopped by Frederik Andersen without a rebound.
11:40 of 2nd period - Ryan Callahan wins face-off versus Sean Couturier in Blues zone.
12:18 of 2nd period - Icing by Daniel Sedin.
12:19 of 2nd period - Joe Thornton wins face-off versus Anders Lee in Canadiens zone.
12:54 of 2nd period - Wrist shot by Justin Abdelkader.
12:54 of 2nd period - Shot Misses the Net.
13:40 of 2nd period - Slapshot by Jaromir Jagr.
13:40 of 2nd period - Shot Misses the Net.
13:42 of 2nd period - Slapshot by Alex Goligoski.
13:42 of 2nd period - Stopped by Frederik Andersen without a rebound.
13:43 of 2nd period - Sean Couturier wins face-off versus Gregory Campbell in Blues zone.
13:43 of 2nd period - Sean Couturier is hit by Matt Niskanen.
14:36 of 2nd period - Mark Fayne is hit by Patrick Eaves and loses puck.
14:43 of 2nd period - Mark Fayne is hit by Matt Niskanen and loses puck.
15:33 of 2nd period - Wrist shot by Tomas Tatar.
15:33 of 2nd period - Stopped by Pekka Rinne without a rebound.
15:34 of 2nd period - Mike Ribeiro wins face-off versus Artem Anisimov in Canadiens zone.
15:36 of 2nd period - Minor Penalty to Justin Abdelkader for Hooking.
15:37 of 2nd period - Brian Boyle wins face-off versus Sean Couturier in Canadiens zone.
15:50 of 2nd period - Slapshot by Kris Letang.
15:50 of 2nd period - Goal by Kris Letang - Blues : 1 - Canadiens : 2.
15:51 of 2nd period - Mike Ribeiro wins face-off versus Sean Couturier in neutral zone.
15:54 of 2nd period - Zdeno Chara is hit by Justin Abdelkader and loses puck.
16:03 of 2nd period - Rick Nash is hit by Justin Abdelkader and loses puck.
16:22 of 2nd period - Snap shot by Mike Ribeiro.
16:22 of 2nd period - Stopped by Frederik Andersen with a rebound.
16:24 of 2nd period - Slapshot by Ben Lovejoy.
16:24 of 2nd period - Shot Misses the Net.
16:46 of 2nd period - Zdeno Chara is hit by Ben Lovejoy and loses puck.
17:37 of 2nd period - Wrist shot by Patrick Eaves.
17:37 of 2nd period - Shot Misses the Net.
17:39 of 2nd period - Slapshot by Jaromir Jagr.
17:39 of 2nd period - Shot Misses the Net.
17:41 of 2nd period - Backhand shot by Andrew Campbell.
17:41 of 2nd period - Stopped by Frederik Andersen without a rebound.
17:42 of 2nd period - Gregory Campbell wins face-off versus Artem Anisimov in Blues zone.
17:43 of 2nd period - Snap shot by Scott Gomez.
17:43 of 2nd period - Shot Hit the Post.
17:45 of 2nd period - Snap shot by Andrew Campbell.
17:45 of 2nd period - Deflect By Scott Gomez.
17:45 of 2nd period - Stopped by Frederik Andersen without a rebound.
17:46 of 2nd period - Artem Anisimov wins face-off versus Gregory Campbell in Blues zone.
18:03 of 2nd period - Slapshot by Tomas Tatar.
18:03 of 2nd period - Shot Misses the Net.
18:31 of 2nd period - Minor Penalty to Rick Nash for Delaying the game.
18:32 of 2nd period - Joe Thornton wins face-off versus Johan Franzen in Blues zone.
19:25 of 2nd period - Snap shot by Justin Abdelkader.
19:25 of 2nd period - Goal by Justin Abdelkader - Blues : 1 - Canadiens : 3.
19:26 of 2nd period - Mike Ribeiro wins face-off versus Brandon Saad in neutral zone.
19:29 of 2nd period - Brandon Saad is hit by Mike Ribeiro and loses puck.
19:36 of 2nd period - Mike Cammalleri is hit by Sean Couturier and loses puck.
19:56 of 2nd period - Slapshot by Brandon Saad.
19:56 of 2nd period - Stopped by Pekka Rinne with a rebound.
Goals for this period are 1 for Blues vs 2 for Canadiens.
Shots for this period are 10 for Blues vs 12 for Canadiens.

3rd period


0:01 of 3rd period - Joe Thornton wins face-off versus Artem Anisimov in neutral zone.
1:57 of 3rd period - Backhand shot by Anders Lee.
1:57 of 3rd period - Stopped by Pekka Rinne with a rebound.
1:59 of 3rd period - Slapshot by Anders Lee.
1:59 of 3rd period - Stopped by Pekka Rinne with a rebound.
2:01 of 3rd period - Snap shot by Cam Atkinson.
2:01 of 3rd period - Shot Blocked by Alex Goligoski.
3:23 of 3rd period - Snap shot by Tomas Tatar.
3:23 of 3rd period - Stopped by Pekka Rinne with a rebound.
3:46 of 3rd period - Snap shot by Cam Atkinson.
3:46 of 3rd period - Shot Misses the Net.
3:48 of 3rd period - Snap shot by Anders Lee.
3:48 of 3rd period - Shot Misses the Net.
4:22 of 3rd period - Slapshot by Brian Boyle.
4:22 of 3rd period - Shot Blocked by Josh Gorges.
4:24 of 3rd period - Slapshot by Jordie Benn.
4:24 of 3rd period - Deflect By Sean Couturier.
4:24 of 3rd period - Stopped by Frederik Andersen with a rebound.
4:26 of 3rd period - Slapshot by Andrew Campbell.
4:26 of 3rd period - Shot Blocked by Josh Gorges.
4:32 of 3rd period - Backhand shot by Scott Gomez.
4:32 of 3rd period - Stopped by Frederik Andersen with a rebound.
4:34 of 3rd period - Slapshot by Andrew Campbell.
4:34 of 3rd period - Stopped by Frederik Andersen with a rebound.
4:36 of 3rd period - Slapshot by Jordie Benn.
4:36 of 3rd period - Shot Hit the Post.
4:50 of 3rd period - Minor Penalty to Hampus Lindholm for Holding Stick.
4:51 of 3rd period - Artem Anisimov wins face-off versus Joe Thornton in Blues zone.
5:42 of 3rd period - Artem Anisimov is hit by Mike Cammalleri and loses puck.
5:55 of 3rd period - Kris Letang is hit by Ryan Callahan and loses puck.
6:50 of 3rd period - Penalty to Hampus Lindholm is over, Hampus Lindholm is back on ice.
8:10 of 3rd period - Minor Penalty to Anders Lee for Boarding.
8:11 of 3rd period - Joe Thornton wins face-off versus Sean Couturier in Blues zone.
8:14 of 3rd period - Wrist shot by Joe Thornton.
8:14 of 3rd period - Shot Misses the Net.
8:16 of 3rd period - Snap shot by Ryan Callahan.
8:16 of 3rd period - Goal by Ryan Callahan - Blues : 1 - Canadiens : 4.
8:17 of 3rd period - Gregory Campbell wins face-off versus Anders Lee in neutral zone.
8:32 of 3rd period - Minor Penalty to Zdeno Chara for Tripping.
8:33 of 3rd period - Sean Couturier wins face-off versus Joe Thornton in Blues zone.
9:24 of 3rd period - Minor Penalty to Justin Abdelkader for Roughing.
9:25 of 3rd period - Mike Ribeiro wins face-off versus Sean Couturier in Canadiens zone.
10:32 of 3rd period - Penalty to Zdeno Chara is over, Zdeno Chara is back on ice.
10:37 of 3rd period - Matt Niskanen is hit by Zdeno Chara and loses puck.
10:44 of 3rd period - Snap shot by Brandon Saad.
10:44 of 3rd period - Shot Blocked by Matt Niskanen.
10:46 of 3rd period - Slapshot by Cam Atkinson.
10:46 of 3rd period - Stopped by Pekka Rinne with a rebound.
11:06 of 3rd period - Hampus Lindholm is hit by Gregory Campbell and loses puck.
11:24 of 3rd period - Penalty to Justin Abdelkader is over, Justin Abdelkader is back on ice.
12:24 of 3rd period - Minor Penalty to Kevan Miller for Boarding.
12:25 of 3rd period - Mathieu Perreault wins face-off versus Sean Couturier in Blues zone.
13:00 of 3rd period - Brandon Saad is hit by Justin Abdelkader and loses puck.
13:28 of 3rd period - Kris Letang is hit by Ryan Callahan and loses puck.
13:49 of 3rd period - Wrist shot by Mathieu Perreault.
13:49 of 3rd period - Stopped by Frederik Andersen with a rebound.
14:24 of 3rd period - Penalty to Kevan Miller is over, Kevan Miller is back on ice.
14:25 of 3rd period - Kris Letang is hit by Mike Cammalleri.
14:49 of 3rd period - Mark Fayne is hit by Andrew Campbell and loses puck.
15:32 of 3rd period - Jaromir Jagr is hit by Steve Ott and loses puck.
15:33 of 3rd period - Jaromir Jagr from Canadiens is injured at 15:33 of 3rd period (Back Spasms).
15:34 of 3rd period - Mike Ribeiro wins face-off versus Artem Anisimov in Canadiens zone.
15:34 of 3rd period - Mike Ribeiro is hit by Zdeno Chara.
15:44 of 3rd period - Snap shot by Justin Abdelkader.
15:44 of 3rd period - Shot Blocked by Artem Anisimov.
15:46 of 3rd period - Minor Penalty to Kris Letang for Holding.
15:47 of 3rd period - Artem Anisimov wins face-off versus Joe Thornton in Blues zone.
16:47 of 3rd period - Wrist shot by Mathieu Perreault.
16:47 of 3rd period - Stopped by Frederik Andersen with a rebound.
16:49 of 3rd period - Snap shot by Mike Cammalleri.
16:49 of 3rd period - Shot Misses the Net.
16:51 of 3rd period - Snap shot by Justin Abdelkader.
16:51 of 3rd period - Stopped by Frederik Andersen with a rebound.
17:46 of 3rd period - Penalty to Kris Letang is over, Kris Letang is back on ice.
17:47 of 3rd period - Snap shot by Mathieu Perreault.
17:47 of 3rd period - Shot Misses the Net.
17:49 of 3rd period - Snap shot by Mike Cammalleri.
17:49 of 3rd period - Stopped by Frederik Andersen without a rebound.
17:50 of 3rd period - Anders Lee wins face-off versus Mathieu Perreault in Blues zone.
18:15 of 3rd period - Slapshot by Scott Gomez.
18:15 of 3rd period - Shot Misses the Net.
18:17 of 3rd period - Slapshot by Andrew Campbell.
18:17 of 3rd period - Shot Blocked by Cam Atkinson.
18:35 of 3rd period - Slapshot by Jordie Benn.
18:35 of 3rd period - Shot Misses the Net.
18:57 of 3rd period - Wrist shot by Mathieu Perreault.
18:57 of 3rd period - Shot Misses the Net.
19:09 of 3rd period - Slapshot by Daniel Sedin.
19:09 of 3rd period - Shot Misses the Net.
19:11 of 3rd period - Slapshot by Francois Beauchemin.
19:11 of 3rd period - Stopped by Frederik Andersen with a rebound.
19:13 of 3rd period - Slapshot by Ben Lovejoy.
19:13 of 3rd period - Shot Misses the Net.
Goals for this period are 0 for Blues vs 1 for Canadiens.
Shots for this period are 4 for Blues vs 9 for Canadiens.